 Dungeon Crawl Stone Soup version 0.28-a0-863-g8cecda6153 (webtiles) character file.

Game seed: 1351287626883200337

57 Htamos the Digger (level 4, -2/26 HPs)
             Began as a Gargoyle Earth Elementalist on Nov 20, 2021.
             Killed by an exploding jackal (16 damage)
             ... ignited by their inner flame
             ... on level 2 of the Dungeon.
             The game lasted 00:04:49 (2641 turns).

Htamos the Digger (Gargoyle Earth Elementalist)     Turns: 2641, Time: 00:04:51

Health: -2/26      AC: 15    Str: 13    XL:     4   Next: 0%
Magic:  7/7        EV:  3    Int: 15    God:
Gold:   44         SH:  0    Dex: 10    Spells: 6/7 levels left

rFire   . . .      SeeInvis .   a - +0 dagger
rCold   . . .      Faith    .   (no shield)
rNeg    + . .      Spirit   .   h - +0 plate armour
rPois   ∞          Reflect  .   (no helmet)
rElec   +          Harm     .   (no cloak)
rCorr   .          Rampage  .   f - +0 pair of gloves
Will    .....                   (no boots)
Stlth   ..........              (no amulet)
HPRegen 0.08/turn               (no ring)
MPRegen 0.10/turn               (no ring)

@: no status effects
A: sickness immunity, AC +3, negative energy resistance 1, electricity
resistance, torment resistance 1, petrification resistance
a: no special abilities


You were on level 2 of the Dungeon.
You visited 1 branch of the dungeon, and saw 2 of its levels.

You collected 44 gold pieces.

Inventory:

Hand Weapons
 a - a +0 dagger (weapon)
Missiles
 c - 28 stones
Armour
 b - a +0 robe
 f - a +0 pair of gloves (worn)
 h - a +0 plate armour (worn)
Jewellery
 d - a ring of magical power
Scrolls
 e - a scroll of teleportation {unknown}
 i - 2 scrolls of fog
 k - a scroll of magic mapping {unknown}


   Skills:
 * Level 1.7 Fighting
 * Level 1.2 Armour
 + Level 1.9 Dodging
 + Level 2.6 Stealth
 + Level 2.2 Spellcasting
 + Level 1.1 Transmutations
 + Level 3.9 Earth Magic


You had 6 spell levels left.
You knew the following spells:

 Your Spells              Type           Power      Damage    Failure   Level
a - Sandblast             Erth           26%        2d8       100%        1

Your spell library contained the following spells:

 Spells                   Type           Power      Damage    Failure   Level
 Passwall                 Tmut/Erth      7%         N/A       100%        2
 Stone Arrow              Conj/Erth      14%        3d7       100%        3
 Petrify                  Tmut/Erth      9%         N/A       100%        4


Dungeon Overview and Level Annotations

Branches:
Dungeon (2/15)

Altars:
Okawaru

Shops:
D:1 *


Innate Abilities, Weirdness & Mutations

You are immune to sickness and miasma.
Your stone body is resilient. (AC +3)
You are immune to poison.
You resist negative energy. (rN+)
You are resistant to electric shocks. (rElec)
You are resistant to unholy torment.
You are immune to petrification.


Message History

You completely miss the jackal.
The jackal is heavily wounded.
The jackal bites you but does no damage.
You barely miss the jackal.
The jackal is heavily wounded.
The jackal bites you but does no damage.
You hit the jackal but do no damage.
The jackal is heavily wounded.
The jackal bites you but does no damage. x2
You miss the jackal.
The jackal is heavily wounded.
The jackal bites you but does no damage.
You hit the jackal but do no damage.
The jackal is heavily wounded.
The jackal bites you but does no damage.
The jackal bites you.
You hit the jackal.
You kill the jackal!
The jackal bites you but does no damage.
You have reached level 4!
You feel stronger.
You aren't carrying any potions.
As you read the scroll labelled QUOS WILOERE, it crumbles to dust.
The creatures around you are filled with an inner flame!
It was a scroll of immolation.
The jackal bites you.
Unknown command.
You miss the jackal.
The jackal bites you but does no damage.
The jackal bites you.
You miss the jackal. The jackal bites you.
You closely miss the jackal.
The jackal bites you but does no damage.
You hit the jackal.
Flame seeps out of the jackal.
The jackal is moderately wounded.
The jackal is engulfed in blazing flames.
The jackal explodes!
The fiery explosion engulfs the goblin!!
The fiery explosion engulfs you!
Ouch! That really hurt!
You die...

#.####.### #....#
#.##...# ##..<.#
#.##.######.....#
###.##.#......#...#
....#.....###.#...#
...........##.#...#
..>.........#.#...#
............#.##.##
..............##@#
.............###○#
.............##)h#
................##
.............#..#
.............##..#
###.###............
#...# #..............
#.#####...............#


You could see a jackal (inner flame).

Vanquished Creatures
  An adder (D:2)
  2 dart slugs
  3 ball pythons
  6 endoplasms
  3 goblins
  3 hobgoblins
  2 jackals (D:2)
  2 quokkas
  7 bats
  4 frilled lizards
  4 kobolds
  8 rats
45 creatures vanquished.

Notes
Turn   | Place    | Note
-------+----------+-------------------------------------------
     0 | D:1      | Htamos the Gargoyle Earth Elementalist began the quest for
                  | the Orb.
     0 | D:1      | Reached XP level 1. HP: 10/10 MP: 3/3
     7 | D:1      | Found a faded altar of an unknown god.
   383 | D:1      | Reached XP level 2. HP: 10/16 MP: 5/5
   624 | D:1      | Reached skill level 1 in Transmutations
   626 | D:1      | Reached skill level 1 in Fighting
  1192 | D:1      | Reached XP level 3. HP: 20/20 MP: 6/6
  1249 | D:1      | Found Caajuxih's General Store.
  1659 | D:2      | Reached skill level 1 in Armour
  1696 | D:2      | Found an iron altar of Okawaru.
  2637 | D:2      | Reached XP level 4. HP: 18/26 MP: 7/7
  2641 | D:2      | Killed by an exploding jackal... ignited by their inner
                  | flame

Illustrated notes

Levels and vault maps discovered:
D:1:      scummos_arrival_checkerplants, layout_loops_ring, serial_shops, shop,
          hellmonk_ecumenical_altar_lost_god
D:2:      layout_rooms, basic_altar

Skill      XL: |  1  2  3 |
---------------+----------+-----
Transmutations | 1 |  1.1
Fighting       | 1 |  1.7
Armour         | 1 |  1.2
Dodging        | |  1.9
Stealth        | |  2.6
Spellcasting   | |  2.2
Earth Magic    | |  3.9

Action                   |  1- 3 |  4- 6 || total
-------------------------+-------+-------++-------
Melee: Dagger            |   204 |     4 ||   208
 Cast: Sandblast         |    12 |       ||    12
  Use: Scroll            |     1 |     1 ||     2
       Potion            |     1 |       ||     1
 Stab: Sleeping          |     3 |       ||     3
Armor: Robe              |    10 |       ||    10
       Plate armour      |   161 |     2 ||   163
Dodge: Dodged            |    36 |       ||    36

Table legend: (Time is in decaauts)
 A = Elapsed time spent in this place.
 B = Non-inter-level travel time spent in this place.
 C = Inter-level travel time spent in this place.
 D = Time resting spent in this place.
 E = Time spent auto-exploring this place.
 F = Levels seen in this place.
 G = Mean time per level.
                   A        B        C        D        E       F      G
               +--------+--------+--------+--------+--------+-----+--------+
         Total |   2641 |   2603 |     38 |    171 |   1912 |   2 | 1320.5 |
       Dungeon |   2641 |   2603 |     38 |    171 |   1912 |   2 | 1320.5 |
               +--------+--------+--------+--------+--------+-----+--------+

Top non-repeatable levels by time:
     D:1: 1557 daAuts
     D:2: 1084 daAuts
